 Dungeon Crawl Stone Soup version 0.28-a0-863-g8cecda6153 (webtiles) character file.

Game seed: 4344777154883169849

163 BinkBink the Insei (level 5, -2/28 HPs)
             Began as a Vine Stalker Monk on Nov 20, 2021.
             Was a Priest of Vehumet.
             Killed from afar by Ijyb (30 damage)
             ... with a bolt of acid
             ... on level 3 of the Dungeon.
             The game lasted 00:04:58 (3156 turns).

BinkBink the Insei (Vine Stalker Monk)              Turns: 3156, Time: 00:04:59

Health: -2/28      AC:  2    Str: 13    XL:     5   Next: 44%
Magic:  0/8        EV: 13    Int: 11    God:    Vehumet [***...]
Gold:   146        SH:  0    Dex: 17    Spells: 6/7 levels left

rFire   . . .      SeeInvis .     - Unarmed
rCold   . . .      Faith    .   (no shield)
rNeg    . . .      Spirit   +   a - +0 robe
rPois   .          Reflect  .   (no helmet)
rElec   .          Harm     .   (no cloak)
rCorr   .          Rampage  .   (no gloves)
Will    .....                   (no boots)
Stlth   +++.......              (no amulet)
HPRegen 1.09/turn               (no ring)
MPRegen 0.11/turn               (no ring)

@: no status effects
A: fangs 2, regeneration 1, magic shield, antimagic bite, no potion heal 2
a: Renounce Religion


You were on level 3 of the Dungeon.
You worshipped Vehumet.
Vehumet was most pleased with you.
You visited 1 branch of the dungeon, and saw 3 of its levels.

You collected 162 gold pieces.
You spent 16 gold pieces at shops.

Inventory:

Armour
 a - a +0 robe (worn)
Jewellery
 i - a ring of willpower
Wands
 h - a wand of acid (2)
 j - a wand of flame (13)
Scrolls
 b - a scroll of noise
 e - a scroll of teleportation {unknown}
 g - 2 scrolls of identify {unknown}
Potions
 c - 3 potions of might {unknown}
 d - a potion of degeneration {unknown}
 f - a potion of curing {unknown}


   Skills:
 + Level 3.1 Fighting
 + Level 2.8 Dodging
 + Level 3.6 Stealth
 + Level 4.3 Unarmed Combat
 * Level 1.5 Spellcasting
 * Level 0.8 Conjurations


You had 6 spell levels left.
You knew the following spells:

 Your Spells              Type           Power      Damage    Failure   Level
a - Magic Dart            Conj           8%         1d3       6%          1

Your spell library contained the following spells:

 Spells                   Type           Power      Damage    Failure   Level
 Sticky Flame             Conj/Fire      1%         2d3       52%         4


Dungeon Overview and Level Annotations

Branches:
Dungeon (3/15)

Altars:
Vehumet

Shops:
D:1 *(:*

Annotations:
D:3 Ijyb


Innate Abilities, Weirdness & Mutations

You have extremely sharp teeth.
Your natural rate of healing is unusually fast.
When hurt, damage is shared between your health and your magic reserves.
Your bite disrupts and absorbs the magic of your enemies.
Potions cannot restore your health.


Message History

The worm is almost dead.
The worm bites you.
You hit the worm.
You kill the worm!
Vehumet accepts your kill.
You feel your power returning.
No target in view!
No target in view!
There is a stone staircase leading up here.
There is a stone staircase leading up here.
An endoplasm comes into view.
The endoplasm quivers.
An endoplasm is nearby!
An endoplasm is nearby!
You see here 14 stones.
The endoplasm freezes you.
You are frozen.
You hit the endoplasm but do no damage.
The endoplasm hits you but does no damage.
You hit the endoplasm.
You bite the endoplasm, but do no damage.
The endoplasm is moderately wounded.
The endoplasm hits you.
You hit the endoplasm.
You kill the endoplasm!
Vehumet accepts your kill.
No target in view!
There is a stone staircase leading up here.
Found a dagger.
Ijyb the Twisted Goblin comes into view.
She is wielding a +0 club and carrying a wand of acid (10).
Ijyb is nearby!
The helpless Ijyb fails to defend herself.
You punch Ijyb! Your bite misses Ijyb.
Ijyb is moderately wounded.
Ijyb closely misses you.
You closely miss Ijyb.
Ijyb is moderately wounded.
Ijyb zaps a wand.
The bolt of acid hits you!!!
Ouch! That really hurt!
You die...

#### ### #.. ..#
#.# #.#
######.##### #g#
))>........# #@#
.....#####.# #.#
.)..># #.# #.#
.##..#####.# #.#
.##........# #.#
.###.#####.# ###.#
.###.#####.###.#.#
.........#.##.#..#
###..###.#...###.#


You could see Ijyb.

Vanquished Creatures
  Robin (D:3)
  3 gnolls
  A howler monkey skeleton (D:2)
  4 adders
  A worm (D:3)
  A dart slug (D:3)
  2 orcs
  6 ball pythons
  3 bats
  7 endoplasms
  4 giant cockroaches
  8 hobgoblins
  2 jackals (D:2)
  2 quokkas (D:1)
  6 frilled lizards
  12 goblins (D:3)
  4 kobolds
67 creatures vanquished.

Notes
Turn   | Place    | Note
-------+----------+-------------------------------------------
     0 | D:1      | BinkBink the Vine Stalker Monk began the quest for the Orb.
     0 | D:1      | Reached XP level 1. HP: 11/11 MP: 2/2
   324 | D:1      | Found Mientia's Assorted Antiques.
   332 | D:1      | Reached XP level 2. HP: 16/16 MP: 3/3
   668 | D:1      | Found Okiklamu's Book Boutique.
   675 | D:1      | Found Didgh's Antique Weapon Boutique.
   691 | D:1      | Found a faded altar of an unknown god.
   703 | D:1      | Found Xuappull's Assorted Antiques.
   735 | D:1      | Bought a scroll labelled GOAGUIMAGUFUNK for 16 gold pieces
   797 | D:1      | Found Hoaririm's Antique Weapon Shop.
   829 | D:1      | Prayed at the altar of an unknown god.
   829 | D:1      | Became a worshipper of Vehumet
   829 | D:1      | Reached * piety under Vehumet
   829 | D:1      | Offered knowledge of Magic Dart by Vehumet.
   829 | D:1      | Reached ** piety under Vehumet
   832 | D:1      | Learned a level 1 spell: Magic Dart
   855 | D:1      | Offered knowledge of Scorch by Vehumet.
   999 | D:1      | Offered knowledge of Poisonous Vapours by Vehumet.
  1397 | D:2      | Reached XP level 3. HP: 20/20 MP: 4/4
  1762 | D:2      | Reached *** piety under Vehumet
  2165 | D:2      | Gained mutation: Your natural rate of healing is unusually
                  | fast. [Vine Stalker growth]
  2165 | D:2      | Reached XP level 4. HP: 24/24 MP: 6/6
  2193 | D:2      | Reached skill level 1 in Spellcasting
  2238 | D:2      | Offered knowledge of Sticky Flame by Vehumet.
  2364 | D:3      | Reached skill level 4 in Unarmed Combat
  2454 | D:3      | Reached XP level 5. HP: 18/28 MP: 3/7
  2539 | D:3      | Noticed Robin
  2582 | D:3      | Killed Robin
  3148 | D:3      | Noticed Ijyb
  3156 | D:3      | Killed from afar by Ijyb

Illustrated notes

Levels and vault maps discovered:
D:1:      lemuel_arrival_room, layout_basic, serial_shops, shop, shop_fountains,
          nicolae_shop_advertising_works [nicolae_subvault_shop_adworks],
          nicolae_shop_waterfront, nicolae_shop_behind_doors,
          shapermc_ecumenical_altar_totnotflames
D:2:      layout_basic
D:3:      layout_loops_ring, kennysheep_nondescript,
          hangedman_abyss_or_decor_stabs, uniq_ijyb, uniq_robin

Skill      XL: |  1  2  3  4 |
---------------+-------------+-----
Fighting       | 3 |  3.1
Stealth        | 3 |  3.6
Spellcasting   | 1 |  1.5
Unarmed Combat | 4 |  4.3
Dodging        | |  2.8
Conjurations   | |  0.8

Action                   |  1- 3 |  4- 6 || total
-------------------------+-------+-------++-------
Melee: Unarmed           |   101 |   134 ||   235
       Bite              |    29 |    32 ||    61
       Punch             |     2 |     7 ||     9
  Use: Scroll            |     1 |       ||     1
 Stab: Sleeping          |     6 |     3 ||     9
Armor: Robe              |     6 |    12 ||    18
Dodge: Dodged            |    52 |    53 ||   105

Table legend: (Time is in decaauts)
 A = Elapsed time spent in this place.
 B = Non-inter-level travel time spent in this place.
 C = Inter-level travel time spent in this place.
 D = Time resting spent in this place.
 E = Time spent auto-exploring this place.
 F = Levels seen in this place.
 G = Mean time per level.
                   A        B        C        D        E       F      G
               +--------+--------+--------+--------+--------+-----+--------+
         Total |   3140 |   3085 |     55 |      0 |   2565 |   3 | 1046.7 |
       Dungeon |   3140 |   3085 |     55 |      0 |   2565 |   3 | 1046.7 |
               +--------+--------+--------+--------+--------+-----+--------+

Top non-repeatable levels by time:
     D:1: 1291 daAuts
     D:2: 1122 daAuts
     D:3: 726 daAuts
